 Dungeon Crawl Stone Soup version 0.31-a0-620-gd1cbd99268 (webtiles) character file.

Game seed: 15207599410751979686

372 GordonOverkill the Sneak (level 6, 0/35 HPs)
             Began as a Vine Stalker Delver on Aug 23, 2023.
             Splashed by a jelly's acid (2 damage)
             ... on level 6 of the Dungeon.
             The game lasted 00:03:26 (677 turns).

GordonOverkill the Sneak (Vine Stalker Delver)       Turns: 677, Time: 00:03:26

Health: 0/35       AC: -9    Str: 16    XL:     6   Next: 71%
Magic:  0/6        EV: 12    Int: 10    God:
Gold:   17         SH:  0    Dex: 16    Spells: 5/5 levels left

rFire   . . .        a - +0 short sword
rCold   . . .        (no shield)
rNeg    . . .        b - +0 leather armour
rPois   .            (no helmet)
rElec   .            (no cloak)
rCorr   .            (no gloves)
SInv    .            (no boots)
Will    .....        (no amulet)
Stlth   +++          (no ring)
HPRegen 1.05/turn    (no ring)
MPRegen 0.10/turn

%: guardian spirit
@: corroded
A: fangs 2, regeneration 1, magic shield, antimagic bite, no potion heal 2, low
MP 1, inability to drink after injury 1
a: no special abilities


You were on level 6 of the Dungeon.
You visited 1 branch of the dungeon, and saw 2 of its levels.
You also visited: Ossuary.

You collected 17 gold pieces.

Inventory:

Hand Weapons
 a - a +0 short sword (weapon)
 f - a +0 battleaxe
Armour
 b - a +0 leather armour (worn)
Wands
 g - a wand of digging (3)
Scrolls
 c - a scroll of fog
 d - a scroll of revelation
 e - a scroll of fear
 h - 3 scrolls of teleportation {unknown}
Potions
 i - a potion of curing {unknown}
 k - a potion of ambrosia
 l - 2 potions of might {unknown}


   Skills:
 + Level 5.4 Fighting
 - Level 3.0 Short Blades
 - Level 3.0 Dodging
 - Level 6.0 Stealth


You had 5 spell levels left.
You didn't know any spells.
Your spell library was empty.

Dungeon Overview and Level Annotations

Branches:
Dungeon (6/15)            Ossuary (visited)
 Temple: D:4-7

Altars:


Innate Abilities, Weirdness & Mutations

You have extremely sharp teeth.
Your natural rate of healing is unusually fast.
When hurt, damage is shared between your health and your magic reserves.
Your bite disrupts and absorbs the magic of your enemies.
Potions cannot restore your health.
Your magical capacity is low. (-10% MP)
You occasionally lose the ability to drink potions when taking damage.


Message History

You feel less confused. The hound misses you. The hound bites you.
You hit the hound. You bite the hound. You drain its power.
You feel invigorated.
The hound is severely wounded.
The hound bites you.
You hit the hound. Your bite misses the hound.
The hound is almost dead.
The hound misses you. The hound bites you.
You hit the hound.
You kill the hound!
You hit the jelly. The acid corrodes you!
Your hands burn!
You bite the jelly. You drain its power.
You feel invigorated.
The jelly is moderately wounded.
The jelly hits you. The acid corrodes you!
You are splashed with acid!
* * * LOW HITPOINT WARNING * * *
You hit the jelly but do no damage.
Your hands burn!
* * * LOW HITPOINT WARNING * * *
You bite the jelly. You drain its power.
You feel invigorated.
The jelly is moderately wounded.
The jelly barely misses you.
You hit the jelly but do no damage. The acid corrodes you!
Your hands burn!
* * * LOW HITPOINT WARNING * * *
Your bite misses the jelly.
The jelly is moderately wounded.
You hit the jelly but do no damage.
Your hands burn!
* * * LOW HITPOINT WARNING * * *
You bite the jelly, but do no damage.
The jelly is moderately wounded.
The jelly hits you.
* * * LOW HITPOINT WARNING * * *
You are splashed with acid!
* * * LOW HITPOINT WARNING * * *
You hit the jelly but do no damage.
Your hands burn!
* * * LOW HITPOINT WARNING * * *
You bite the jelly, but do no damage.
The jelly is moderately wounded.
The jelly closely misses you.
You hit the jelly but do no damage.
Your hands burn!
You die...

#.#### ##..†.##
#<.)...# #......#
#..###.# #..# #.#
####..###.####.#
#.J..............
#@##..####.###.#.
#.##..# .#
#.##J.# .#
#.#...####.#
#.#.#.......
#.#.........
#.#.....##..
#.#.....# .
......#


You could see a jelly.

Vanquished Creatures
  An elf zombie (Ossuary)
  A howler monkey (D:6)
  2 centaur zombies (Ossuary)
  A hound (D:6)
  3 human zombies (Ossuary)
  2 mummies (Ossuary)
  3 gnolls
  2 adder zombies (Ossuary)
  An orc (D:5)
  10 hobgoblin zombies (Ossuary)
  A jackal zombie (Ossuary)
  7 kobold zombies (Ossuary)
  10 orc zombies (Ossuary)
  A rat zombie (D:6)
45 creatures vanquished.

Notes
Turn   | Place    | Note
-------+----------+-------------------------------------------
     0 | D:5      | GordonOverkill the Vine Stalker Delver began the quest for
                  | the Orb.
     0 | D:5      | Reached XP level 1. HP: 11/11 MP: 2/2
     1 | D:6      | Noticed a howler monkey
     1 | D:6      | Found a sand-covered staircase.
     7 | Ossuary  | Entered an ossuary
   101 | Ossuary  | Reached XP level 2. HP: 16/16 MP: 3/3
   219 | Ossuary  | Reached XP level 3. HP: 15/20 MP: 4/4
   281 | Ossuary  | Gained mutation: Your natural rate of healing is unusually
                  | fast. [Vine Stalker growth]
   281 | Ossuary  | Reached XP level 4. HP: 6/25 MP: 2/5
   362 | Ossuary  | Reached XP level 5. HP: 21/29 MP: 6/6
   450 | Ossuary  | Reached XP level 6. HP: 11/34 MP: 5/7
   510 | D:6      | Reached skill level 5 in Fighting
   658 | D:6      | Gained mutation: You are occasionally teleported next to
                  | monsters. [potion of mutation]
   658 | D:6      | Gained mutation: You are dopey. (Int -2) [potion of
                  | mutation]
   659 | D:6      | Lost mutation: You are dopey. (Int -2) [potion of mutation]
   659 | D:6      | Lost mutation: You are occasionally teleported next to
                  | monsters. [potion of mutation]
   659 | D:6      | Gained mutation: Your magical capacity is low. (-10% MP)
                  | [potion of mutation]
   659 | D:6      | Gained mutation: You occasionally lose the ability to drink
                  | potions when taking damage. [potion of mutation]
   676 | D:6      | HP: 1/35 [acid (4)]
   677 | D:6      | Splashed by a jelly's acid

Illustrated notes

Levels and vault maps discovered:
D:5:      gammafunk_wand_slinger, layout_basic, minmay_shop_mass,
          uniq_eustachio, uniq_ijyb
D:6:      layout_loops_ring, minmay_temple_entry_junction, enter_ossuary_3,
          kennysheep_generic_room_13, uniq_edmund

Skill      XL: |  1  2  3  4  5  6 |
---------------+-------------------+-----
Fighting       | 3 4 5 |  5.4
Short Blades   | 2 3 |  3.0
Dodging        | 2 3 |  3.0
Stealth        | |  6.0

Action                     |  1- 3 |  4- 6 || total
---------------------------+-------+-------++-------
  Melee: Short sword       |   127 |   139 ||   266
         Bite              |    40 |    55 ||    95
         Punch             |     2 |     1 ||     3
    Use: Potion            |       |     4 ||     4
   Stab: Sleeping          |     5 |     4 ||     9
 Armour: Leather armour    |    25 |    28 ||    53
  Dodge: Dodged            |    66 |    59 ||   125

Table legend: (Time is in decaauts)
 A = Elapsed time spent in this place.
 B = Non-inter-level travel time spent in this place.
 C = Inter-level travel time spent in this place.
 D = Time resting spent in this place.
 E = Time spent auto-exploring this place.
 F = Levels seen in this place.
 G = Mean time per level.
                   A        B        C        D        E       F      G
               +--------+--------+--------+--------+--------+-----+--------+
         Total |    626 |    626 |      0 |    124 |     42 |   3 |  208.7 |
       Dungeon |    159 |    159 |      0 |     52 |      0 |   2 |   79.5 |
       Ossuary |    467 |    467 |      0 |     72 |     42 |   1 |  467.0 |
               +--------+--------+--------+--------+--------+-----+--------+

Top non-repeatable levels by time:
 Ossuary: 467 daAuts
     D:6: 86 daAuts
     D:5: 73 daAuts
